 Dungeon Crawl Stone Soup version 0.18.1-50-g88ac8fd (webtiles) character file.

812 RudyRod the Magician (level 7, -2/42 HPs)
             Began as a High Elf Fire Elementalist on Oct 12, 2016.
             Slain by a centaur (5 damage)
             ... on level 5 of the Dungeon.
             The game lasted 00:34:11 (6892 turns).

RudyRod the Magician (High Elf Fire Elementalist)   Turns: 6892, Time: 00:34:11

Health: -2/42      AC:  7    Str: 12    XL:     7   Next: 61%
Magic:  15/15      EV: 16    Int: 20    God:
Gold:   178        SH:  0    Dex: 25    Spells: 3 memorised, 11 levels left

rFire  . . .     SeeInvis .     q - +5 club
rCold  . . .     Gourm    .     G - +1 leather armour "Suetur" {*Contam rElec Dex+8 Slay+2}
rNeg   . . .     Faith    .     (no shield)
rPois  .         Spirit   .     (no helmet)
rElec  +         Dismiss  .     M - +0 cloak
rCorr  .         Reflect  .     d - +1 pair of gloves
SustAt .         Harm     .     (no boots)
MR     .....                    (no amulet)
Stlth  ++++......               (no ring)
                                p - ring of stealth

@: mighty, very slightly contaminated, not resistant to hostile enchantments,
stealthy
A: no striking features
a: no special abilities


You were on level 5 of the Dungeon.
You were not hungry.

You visited 2 branches of the dungeon, and saw 6 of its levels.
You also visited: Ossuary.

You collected 346 gold pieces.
You spent 168 gold pieces at shops.

Inventory:

Hand Weapons
 e - a +0 whip
 m - a -2 dagger
 q - a +5 club (weapon)
 x - a +2 rapier of flaming
 L - a +3 quarterstaff of chaos
Armour
 a - a +0 robe
 d - a +1 pair of gloves (worn)
 r - a +0 pair of gloves
 G - the +1 leather armour "Suetur" (worn) {*Contam rElec Dex+8 Slay+2}
   (You bought it in a shop on level 4 of the Dungeon)

   It affects your dexterity (+8).
   It affects your accuracy and damage with ranged weapons and melee attacks
   (+2).
   It insulates you from electricity.
   It causes magical contamination when unequipped.
 M - a +0 cloak (worn)
Jewellery
 p - a ring of stealth (left hand)
 t - a cursed -4 ring of dexterity {unknown}
 I - a cursed ring of wizardry {unknown}
Wands
 s - a wand of lightning (8/15)
 A - a wand of random effects (12/48)
Scrolls
 h - 3 scrolls of amnesia
 i - a scroll of fear {unknown}
 j - a scroll of teleportation {unknown}
 n - 5 scrolls of remove curse
 u - 3 scrolls of immolation {unknown}
 v - a scroll of noise {unknown}
 B - a scroll of recharging {unknown}
 D - 5 scrolls of identify
 H - a scroll of enchant weapon {unknown}
 K - a scroll of blinking {unknown}
Potions
 f - 2 potions of magic
 g - 3 potions of haste {unknown}
 o - 4 potions of curing {unknown}
 w - a potion of flight {unknown}
 z - a potion of ambrosia {unknown}
 E - a potion of invisibility {unknown}
 J - a potion of brilliance {unknown}
Books
 b - a book of Flames

   Spells                             Type                      Level
   a - Flame Tongue                   Conjuration/Fire             1
   b - Throw Flame                    Conjuration/Fire             2
   c - Conjure Flame                  Conjuration/Fire             3
   d - Inner Flame                    Hexes/Fire                   3
   e - Sticky Flame                   Conjuration/Fire             4
   f - Fireball                       Conjuration/Fire             5
 y - a book of Minor Magic

   Spells                             Type                      Level
   a - Magic Dart                     Conjuration                  1
   b - Blink                          Translocation                2
   c - Call Imp                       Summoning                    2
   d - Repel Missiles                 Charms/Air                   2
   e - Slow                           Hexes                        2
   f - Conjure Flame                  Conjuration/Fire             3
   g - Mephitic Cloud                 Conjuration/Poison/Air       3
Comestibles
 c - a bread ration
 k - 4 meat rations
 l - 2 beef jerkies


   Skills:
 + Level 0.8 Fighting
 + Level 0.2 Maces & Flails
 * Level 2.5 Armour
 * Level 4.5 Dodging
 * Level 4.4 Stealth
 + Level 4.8 Spellcasting
 + Level 3.5 Conjurations
 + Level 4.5 Fire Magic


You had 11 spell levels left.
You knew the following spells:

 Your Spells              Type           Power        Failure   Level  Hunger
a - Flame Tongue          Conj/Fire      ###..        3%          1    None
b - Magic Dart            Conj           ###.         4%          1    None
c - Blink                 Tloc           N/A          24%         2    #......


Dungeon Overview and Level Annotations

Branches:
Dungeon (5/15)             Temple (1/1) D:4

Altars:
Cheibriados
Dithmenos
Fedhas
Gozag
Kikubaaqudgha
Makhleb
Nemelex Xobeh
Okawaru
Qazlal
Ru
Sif Muna
Yredelemnul
Zin
The Shining One

Shops:
D:4 [

Annotations:
D:3 RudyRod's ghost, amateur NaFi


Message History

Confirm with . or Enter, or press ? or * to list all spells.
Aiming: Flame Tongue
Press: ? - help, Shift-Dir - straight line, f/p - centaur
Aim: a centaur (lightly wounded)
You miscast Flame Tongue.
You are very lightly contaminated with residual magic.
You smell something strange.
The centaur hits you.
* * * LOW HITPOINT WARNING * * *
The centaur hits you!
* * * LOW HITPOINT WARNING * * *
Drink which item? (? for menu, Esc to quit)
It was a potion of magic.
Magic courses through your body.
The centaur hits you but does no damage.
Drink which item? (? for menu, Esc to quit)
You feel very mighty all of a sudden. The centaur closely misses you. x2
You sock the centaur!
The centaur is severely wounded.
The centaur barely misses you. The centaur hits you.
You die...

##### # ###...# ## .
.....############## . # #
###...##.............#.# #
#....###.##.##.###.#...###
########........@c.......$.......
..).........###(##.#.####.#......
####.####.#.##...#.#....h(...# #
##.## #.#.##.....h.####......?.
###...###.#....###.#c####........
............##.# #.....>.c.......
###...###....#.###...####...###.#
####.## ##...........# #>..# . .#
#.# #..[##...##.# #)..Z


You could see a centaur.

Vanquished Creatures
  A wraith (Ossuary)
  An ogre (D:5)
  A scorpion (D:5)
  A howler monkey (D:4)
  A crimson imp (D:4)
  4 hounds
  Crazy Yiuf (D:4)
  A jelly (D:5)
  An orc wizard (D:4)
  Ijyb (D:2)
  2 mummies
  3 gnolls (D:4)
  6 adders
  2 oozes
  An adder skeleton (D:5)
  A worm (D:4)
  3 dart slugs
  3 giant geckos
  3 orcs (D:4)
  10 bats
  3 giant cockroaches
  7 goblins
  6 hobgoblins
  A jackal (D:3)
  4 quokkas
  A ball python (D:3)
  3 giant newts (D:2)
  8 gnoll skeletons (Ossuary)
  A goblin zombie (D:4)
  A hobgoblin zombie (D:4)
  10 kobolds
  4 kobold skeletons (Ossuary)
  13 orc skeletons (Ossuary)
  7 rats
  A fungus (D:4)
117 creatures vanquished.

Vanquished Creatures (others)
  A human (D:2)
1 creature vanquished.

Grand Total: 118 creatures vanquished

Notes
Turn   | Place    | Note
--------------------------------------------------------------
     0 | D:1      | RudyRod the High Elf Fire Elementalist began the quest for the Orb.
     0 | D:1      | Reached XP level 1. HP: 11/11 MP: 4/4
   372 | D:1      | Reached XP level 2. HP: 17/17 MP: 0/6
  1526 | D:2      | Reached XP level 3. HP: 11/21 MP: 0/7
  1763 | D:2      | Noticed Ijyb
  2073 | D:2      | Found a blossoming altar of Fedhas.
  2194 | D:2      | Reached XP level 4. HP: 6/27 MP: 2/8
  2678 | D:2      | Killed Ijyb
  2678 | D:2      | Reached skill level 1 in Armour
  2802 | D:2      | Found an ancient bone altar of Kikubaaqudgha.
  2802 | D:2      | Noticed a human
  2805 | D:2      | Killed a human
  2869 | D:3      | Noticed RudyRod's ghost (amateur NaFi)
  2890 | D:3      | HP: 1/27 [RudyRod's ghost (13)]
  3384 | D:3      | Found an opulent altar of Gozag.
  3454 | D:3      | Found a shadowy altar of Dithmenos.
  3605 | D:3      | Found a sacrificial altar of Ru.
  4386 | D:4      | Found Nujuhogh's Antique Armour Boutique.
  4409 | D:4      | Reached XP level 5. HP: 10/31 MP: 0/10
  4594 | D:4      | Reached XP level 6. HP: 20/36 MP: 0/12
  4751 | D:4      | Found a sand-covered staircase.
  4800 | Ossuary  | Entered an ossuary
  4800 | Ossuary  | Noticed a wraith
  4800 | Ossuary  | Noticed a wraith
  4800 | Ossuary  | Noticed a wraith
  5235 | Ossuary  | Learned a level 1 spell: Magic Dart
  5399 | Ossuary  | Noticed a wraith
  5421 | Ossuary  | Killed a wraith
  5538 | D:4      | Bought a heavily runed leather armour for 168 gold pieces
  5551 | D:4      | Identified the +1 leather armour "Suetur" {*Contam rElec Dex+8 Slay+2} (You bought it in a shop on level 4 of the Dungeon)
  5722 | D:4      | Reached XP level 7. HP: 37/41 MP: 10/14
  5943 | D:4      | Learned a level 2 spell: Blink
  5984 | D:4      | Found a basalt altar of Yredelemnul.
  6163 | D:4      | Found a staircase to the Ecumenical Temple.
  6170 | Temple   | Entered the Ecumenical Temple
  6398 | D:4      | Noticed Crazy Yiuf
  6407 | D:4      | Killed Crazy Yiuf
  6598 | D:5      | Entered Level 5 of the Dungeon
  6797 | D:5      | Found a burning altar of Makhleb.
  6889 | D:5      | HP: 2/42 [centaur (8)]
  6892 | D:5      | Slain by a centaur

Skill      XL: |  1  2  3  4  5  6  7 |
---------------+----------------------+-----
Armour         | 1 2 |  2.5
Dodging        | 3 4 |  4.5
Spellcasting   | 3 4 |  4.8
Stealth        | 3 4 |  4.4
Conjurations   | 2 3 |  3.5
Fire Magic     | 4 |  4.5
Fighting       | |  0.8
Maces & Flails | |  0.2

Action                   |  1- 3 |  4- 6 |  7- 9 || total
-------------------------+-------+-------+-------++-------
Melee: Whip              |    13 |     6 |       ||    19
       Club              |       |    38 |     8 ||    46
 Cast: Flame Tongue      |    67 |   134 |    41 ||   242
       Magic Dart        |       |    18 |    20 ||    38
  Use: Scroll            |     5 |       |       ||     5
       Potion            |       |     4 |     2 ||     6
 Stab: Sleeping          |     3 |     2 |       ||     5
  Eat: Chunk             |     2 |     2 |       ||     4
       Bread ration      |     1 |     2 |     1 ||     4
Armor: Robe              |     8 |    23 |       ||    31
       Leather armour    |       |     1 |     3 ||     4
Dodge: Dodged            |    28 |    69 |    17 ||   114
